[ AOE2 MATCH · #507148563 ]
UnrankedTatars vs Lithuanians
Player's team · WIN
[ REPLAY ANALYSIS · EXTRACTED FROM THE RECORDED GAME ]
Feudal
9:23
Castle
23:24
Imperial
41:53
| APM avg | 77.0 |
| APM peak | 112 |
| eAPM avg | 29.8 |
| Villagers / military | 114 / 101 |
Focus
⚔️ 26.5% · 🌾 73.5%
Cavalry Archer ×57 · Archer ×19 · Knight ×7 · Mangonel ×7 · Skirmisher ×5 · Scout Cavalry ×4
Feudal
10:33
Castle
21:34
Imperial
—
| APM avg | 61.7 |
| APM peak | 98 |
| eAPM avg | 32.9 |
| Villagers / military | 168 / 69 |
Focus
⚔️ 35.5% · 🌾 64.5%
Skirmisher ×45 · Cavalry Archer ×8 · Leitis ×5 · Militia ×5 · Mangonel ×4 · Archer ×1
Match map
Initial resources + every placement click. Lines = walls · curves = elevation contours. ◆ gold · ⬟ stone · ● berries · ✦ relic · ◌ wall gap
Your base· Open — 4t gap
NOC | shiXo.#'s base· Open — unwalled flank
Smoothed initial terrain · ◌ = detected wall gap · hover for details
Inputs per minute
— MZTK | GO1_mx - - NOC | shiXo.#
Build order — MZTK | GO1_mx
First 150 of 340 actions detected
| 0:00 | Queue | Villager (Male) |
| 0:00 | Queue | Villager (Male) |
| 0:01 | Queue | Villager (Male) |
| 0:03 | Build | House |
| 0:04 | Build | House |
| 0:19 | Queue | Villager (Male) |
| 0:19 | Queue | Villager (Male) |
| 1:32 | Queue | Villager (Male) |
| 1:49 | Build | Lumber Camp |
| 1:50 | Queue | Villager (Male) |
| 2:20 | Queue | Villager (Male) |
| 2:20 | Queue | Villager (Male) |
| 2:50 | Queue | Villager (Male) |
| 2:50 | Queue | Villager (Male) |
| 3:07 | Queue | Villager (Male) |
| 3:07 | Queue | Villager (Male) |
| 3:31 | Queue | Villager (Male) |
| 3:31 | Queue | Villager (Male) |
| 3:49 | Queue | Villager (Male) |
| 3:49 | Queue | Villager (Male) |
| 4:16 | Build | House |
| 4:22 | Queue | Villager (Male) |
| 4:23 | Queue | Villager (Male) |
| 4:23 | Queue | Villager (Male) |
| 4:41 | Build | Mill |
| 4:47 | Queue | Villager (Male) |
| 5:09 | Queue | Villager (Male) |
| 5:29 | Queue | Villager (Male) |
| 5:32 | Build | House |
| 5:50 | Research | Loom |
| 6:32 | Build | Palisade Wall |
| 6:43 | Queue | Villager (Male) |
| 7:13 | Research | Feudal Age |
| 7:13 | Research | Feudal Age |
| 7:44 | Build | Barracks |
| 8:03 | Build | House |
| 8:54 | Queue | Villager (Male) |
| 9:23 | Age | Feudal Age |
| 9:31 | Build | Archery Range |
| 9:33 | Research | Double-Bit Axe |
| 9:42 | Queue | Villager (Male) |
| 9:49 | Queue | Spearman |
| 10:06 | Queue | Skirmisher |
| 10:07 | Queue | Villager (Male) |
| 10:16 | Queue | Skirmisher |
| 10:17 | Queue | Villager (Male) |
| 10:20 | Build | Mining Camp |
| 10:29 | Queue | Villager (Male) |
| 10:42 | Build | House |
| 10:50 | Queue | Villager (Male) |
| 10:59 | Build | House |
| 11:08 | Queue | Archer |
| 11:12 | Build | Farm |
| 11:30 | Queue | Skirmisher |
| 11:39 | Build | House |
| 11:47 | Queue | Villager (Male) |
| 12:00 | Queue | Archer |
| 12:15 | Queue | Villager (Male) |
| 12:19 | Build | Mill |
| 12:22 | Build | House |
| 12:23 | Build | House |
| 12:32 | Build | Farm |
| 12:34 | Queue | Villager (Male) |
| 12:50 | Build | Palisade Wall |
| 12:51 | Build | Palisade Wall |
| 13:10 | Queue | Villager (Male) |
| 13:11 | Queue | Skirmisher |
| 13:28 | Build | Blacksmith |
| 13:31 | Queue | Archer |
| 13:52 | Queue | Villager (Male) |
| 14:01 | Queue | Archer |
| 14:05 | Queue | Villager (Male) |
| 14:10 | Research | Fletching |
| 14:21 | Queue | Villager (Male) |
| 14:28 | Queue | Skirmisher |
| 14:46 | Queue | Villager (Male) |
| 14:48 | Build | Stable |
| 15:05 | Queue | Villager (Male) |
| 15:30 | Build | Farm |
| 15:31 | Build | Farm |
| 15:33 | Build | Farm |
| 15:35 | Build | Farm |
| 15:35 | Build | Farm |
| 15:36 | Build | Farm |
| 15:38 | Queue | Villager (Male) |
| 15:42 | Build | Farm |
| 15:55 | Build | House |
| 15:56 | Build | House |
| 16:08 | Queue | Scout Cavalry |
| 16:12 | Queue | Archer |
| 16:23 | Queue | Archer |
| 16:24 | Queue | Villager (Male) |
| 16:27 | Build | Farm |
| 16:37 | Build | House |
| 16:38 | Queue | Scout Cavalry |
| 16:42 | Queue | Archer |
| 17:04 | Queue | Scout Cavalry |
| 17:07 | Queue | Villager (Male) |
| 17:10 | Build | Farm |
| 17:30 | Queue | Scout Cavalry |
| 17:32 | Queue | Archer |
| 17:33 | Queue | Villager (Male) |
| 17:35 | Build | House |
| 18:01 | Queue | Villager (Male) |
| 18:07 | Build | Archery Range |
| 18:19 | Queue | Archer |
| 18:19 | Queue | Villager (Male) |
| 18:25 | Build | House |
| 18:50 | Queue | Villager (Male) |
| 18:51 | Queue | Archer |
| 19:21 | Queue | Villager (Male) |
| 19:22 | Queue | Archer |
| 19:24 | Build | House |
| 19:25 | Build | House |
| 19:52 | Queue | Villager (Male) |
| 19:54 | Build | Farm |
| 19:57 | Build | Market |
| 19:59 | Queue | Archer |
| 20:44 | Research | Castle Age |
| 21:08 | Queue | Archer |
| 21:10 | Build | Lumber Camp |
| 21:14 | Build | House |
| 21:16 | Build | Palisade Wall |
| 21:45 | Queue | Archer |
| 22:17 | Queue | Archer |
| 22:26 | Queue | Archer |
| 22:26 | Queue | Archer |
| 22:30 | Research | Gold Mining |
| 22:32 | Research | Horse Collar |
| 22:36 | Build | Farm |
| 23:23 | Queue | Archer |
| 23:23 | Queue | Archer |
| 23:24 | Age | Castle Age |
| 23:30 | Research | Crossbowman (upgrade) |
| 23:31 | Research | Bodkin Arrow |
| 23:32 | Queue | Villager (Male) |
| 24:00 | Queue | Villager (Male) |
| 24:04 | Build | Siege Workshop |
| 24:06 | Queue | Cavalry Archer |
| 24:06 | Queue | Cavalry Archer |
| 24:20 | Research | Padded Archer Armor |
| 24:20 | Research | Padded Archer Armor |
| 24:24 | Queue | Villager (Male) |
| 24:36 | Build | Lumber Camp |
| 24:40 | Queue | Cavalry Archer |
| 24:40 | Queue | Cavalry Archer |
| 24:44 | Queue | Knight |
| 24:53 | Queue | Villager (Male) |
| 25:12 | Queue | Villager (Male) |
| 25:28 | Queue | Mangonel |
Build order — NOC | shiXo.#
First 150 of 425 actions detected
| 0:00 | Queue | Villager (Male) |
| 0:00 | Queue | Villager (Male) |
| 0:01 | Build | House |
| 0:02 | Build | House |
| 0:07 | Queue | Villager (Male) |
| 0:07 | Queue | Villager (Male) |
| 0:08 | Queue | Villager (Male) |
| 0:08 | Queue | Villager (Male) |
| 0:08 | Queue | Villager (Male) |
| 1:38 | Queue | Villager (Male) |
| 1:38 | Queue | Villager (Male) |
| 1:52 | Queue | Villager (Male) |
| 2:27 | Build | Barracks |
| 2:30 | Queue | Villager (Male) |
| 2:30 | Queue | Villager (Male) |
| 2:55 | Queue | Villager (Male) |
| 2:55 | Queue | Villager (Male) |
| 3:20 | Build | House |
| 3:23 | Queue | Villager (Male) |
| 3:24 | Queue | Villager (Male) |
| 3:38 | Queue | Militia |
| 3:51 | Queue | Militia |
| 3:56 | Build | House |
| 4:13 | Queue | Villager (Male) |
| 4:26 | Queue | Villager (Male) |
| 4:30 | Queue | Villager (Male) |
| 4:55 | Queue | Villager (Male) |
| 4:56 | Queue | Villager (Male) |
| 5:54 | Queue | Villager (Male) |
| 5:57 | Build | Lumber Camp |
| 6:08 | Queue | Villager (Male) |
| 6:21 | Queue | Villager (Male) |
| 7:03 | Queue | Villager (Male) |
| 7:05 | Queue | Villager (Male) |
| 7:18 | Build | House |
| 7:20 | Research | Loom |
| 7:22 | Queue | Villager (Male) |
| 7:22 | Research | Loom |
| 7:31 | Build | Mill |
| 7:53 | Build | House |
| 8:16 | Research | Feudal Age |
| 8:16 | Research | Feudal Age |
| 8:47 | Build | Farm |
| 8:48 | Build | Farm |
| 9:26 | Build | Mill |
| 9:36 | Build | House |
| 9:39 | Build | Palisade Wall |
| 9:40 | Build | Palisade Wall |
| 9:41 | Build | Palisade Wall |
| 9:58 | Queue | Militia |
| 10:21 | Queue | Villager (Male) |
| 10:33 | Age | Feudal Age |
| 10:42 | Research | Man-at-Arms (upgrade) |
| 10:49 | Queue | Villager (Male) |
| 10:51 | Build | Archery Range |
| 11:00 | Build | Farm |
| 11:06 | Queue | Villager (Male) |
| 11:13 | Queue | Villager (Male) |
| 11:15 | Build | Palisade Wall |
| 11:16 | Build | Palisade Wall |
| 11:23 | Build | House |
| 11:26 | Build | House |
| 11:27 | Build | Palisade Wall |
| 11:35 | Queue | Villager (Male) |
| 11:42 | Research | Double-Bit Axe |
| 11:43 | Research | Double-Bit Axe |
| 11:59 | Queue | Militia |
| 12:13 | Queue | Villager (Male) |
| 12:17 | Queue | Skirmisher |
| 12:17 | Queue | Skirmisher |
| 12:38 | Queue | Villager (Male) |
| 12:38 | Queue | Villager (Male) |
| 13:06 | Queue | Villager (Male) |
| 13:12 | Queue | Villager (Male) |
| 13:12 | Queue | Villager (Male) |
| 13:13 | Queue | Skirmisher |
| 13:13 | Queue | Skirmisher |
| 13:19 | Queue | Skirmisher |
| 13:33 | Build | Farm |
| 13:33 | Build | Farm |
| 13:33 | Build | Farm |
| 13:34 | Build | Farm |
| 13:34 | Build | Farm |
| 13:34 | Build | Farm |
| 13:39 | Build | Palisade Wall |
| 13:46 | Queue | Villager (Male) |
| 13:55 | Queue | Militia |
| 14:15 | Queue | Villager (Male) |
| 14:18 | Queue | Skirmisher |
| 14:19 | Queue | Villager (Male) |
| 14:21 | Build | House |
| 14:23 | Build | House |
| 14:29 | Build | Farm |
| 14:45 | Build | House |
| 14:47 | Build | House |
| 14:49 | Build | House |
| 14:52 | Queue | Villager (Male) |
| 15:19 | Queue | Villager (Male) |
| 15:23 | Build | Mining Camp |
| 15:24 | Queue | Villager (Male) |
| 15:24 | Queue | Villager (Male) |
| 15:24 | Queue | Villager (Male) |
| 15:29 | Build | Farm |
| 15:30 | Build | Farm |
| 15:33 | Queue | Villager (Male) |
| 15:38 | Build | House |
| 15:40 | Build | Palisade Wall |
| 16:18 | Build | Farm |
| 16:19 | Queue | Villager (Male) |
| 16:21 | Build | Farm |
| 16:36 | Queue | Skirmisher |
| 16:36 | Queue | Skirmisher |
| 16:45 | Build | Mining Camp |
| 17:12 | Queue | Spearman |
| 17:17 | Queue | Villager (Male) |
| 17:25 | Build | House |
| 17:30 | Build | House |
| 17:31 | Queue | Villager (Male) |
| 17:37 | Queue | Villager (Male) |
| 17:43 | Queue | Villager (Male) |
| 17:48 | Build | Palisade Wall |
| 17:57 | Build | Palisade Wall |
| 17:59 | Queue | Villager (Male) |
| 18:06 | Build | Market |
| 18:11 | Build | Farm |
| 18:11 | Build | Farm |
| 18:54 | Research | Castle Age |
| 18:55 | Research | Castle Age |
| 19:00 | Build | Lumber Camp |
| 19:06 | Queue | Skirmisher |
| 19:06 | Queue | Skirmisher |
| 19:14 | Build | House |
| 19:25 | Build | Blacksmith |
| 19:28 | Build | House |
| 20:02 | Research | Fletching |
| 20:03 | Queue | Villager (Male) |
| 20:04 | Queue | Skirmisher |
| 20:06 | Queue | Villager (Male) |
| 20:09 | Queue | Villager (Male) |
| 20:12 | Build | Farm |
| 20:44 | Build | Farm |
| 20:49 | Queue | Villager (Male) |
| 20:51 | Build | Palisade Wall |
| 20:54 | Queue | Skirmisher |
| 20:55 | Queue | Skirmisher |
| 21:03 | Queue | Skirmisher |
| 21:04 | Queue | Skirmisher |
| 21:07 | Queue | Villager (Male) |
| 21:08 | Queue | Villager (Male) |
| 21:17 | Build | Stone Wall |
Match timeline
| 2:27 | NOC | shiXo.# · first_building Barracks |
| 6:32 | MZTK | GO1_mx · wall_segment Palisade Wall x1 |
| 7:44 | MZTK | GO1_mx · first_building Barracks |
| 9:23 | MZTK | GO1_mx · age_up feudal |
| 9:31 | MZTK | GO1_mx · first_building Archery Range |
| 9:39 | NOC | shiXo.# · wall_segment Palisade Wall x4 |
| 9:40 | NOC | shiXo.# · wall_segment Palisade Wall x2 |
| 9:41 | NOC | shiXo.# · wall_segment Palisade Wall x2 |
| 10:33 | NOC | shiXo.# · age_up feudal |
| 10:51 | NOC | shiXo.# · first_building Archery Range |
| 11:15 | NOC | shiXo.# · wall_segment Palisade Wall x1 |
| 11:16 | NOC | shiXo.# · wall_segment Palisade Wall x3 |
| 11:27 | NOC | shiXo.# · wall_segment Palisade Wall x9 |
| 12:50 | MZTK | GO1_mx · wall_segment Palisade Wall x1 |
| 12:51 | MZTK | GO1_mx · wall_segment Palisade Wall x1 |
| 13:39 | NOC | shiXo.# · wall_segment Palisade Wall x9 |
| 14:48 | MZTK | GO1_mx · first_building Stable |
| 15:40 | NOC | shiXo.# · wall_segment Palisade Wall x19 |
| 17:48 | NOC | shiXo.# · wall_segment Palisade Wall x1 |
| 17:57 | NOC | shiXo.# · wall_segment Palisade Wall x3 |
| 18:54 | NOC | shiXo.# · first_market_sell 100 stone |
| 20:51 | NOC | shiXo.# · wall_segment Palisade Wall x1 |
| 21:16 | MZTK | GO1_mx · wall_segment Palisade Wall x8 |
| 21:17 | NOC | shiXo.# · wall_segment Stone Wall x1 |
| 21:21 | NOC | shiXo.# · wall_segment Stone Wall x1 |
| 21:34 | NOC | shiXo.# · age_up castle |
| 21:49 | NOC | shiXo.# · first_market_buy 100 wood |
| 23:24 | MZTK | GO1_mx · age_up castle |
| 24:04 | MZTK | GO1_mx · first_building Siege Workshop |
| 26:42 | NOC | shiXo.# · first_building Siege Workshop |
| 34:32 | NOC | shiXo.# · first_building Stable |
| 34:54 | NOC | shiXo.# · first_building Castle |
| 35:06 | NOC | shiXo.# · wall_segment Stone Wall x1 |
| 35:07 | NOC | shiXo.# · wall_segment Stone Wall x1 |
| 35:08 | NOC | shiXo.# · wall_segment Stone Wall x1 |
| 35:09 | NOC | shiXo.# · wall_segment Stone Wall x1 |
| 35:10 | NOC | shiXo.# · wall_segment Stone Wall x1 |
| 35:13 | NOC | shiXo.# · wall_segment Stone Wall x1 |
| 35:17 | NOC | shiXo.# · wall_segment Stone Wall x1 |
| 35:20 | MZTK | GO1_mx · first_building Monastery |
| 35:28 | NOC | shiXo.# · wall_segment Stone Wall x4 |
| 35:30 | NOC | shiXo.# · wall_segment Stone Wall x1 |
| 38:40 | MZTK | GO1_mx · first_market_sell 500 wood |
| 41:53 | MZTK | GO1_mx · age_up imperial |
| 42:09 | NOC | shiXo.# · resign |
[ AI ANALYSIS · 1 CREDIT ]
What really happened in this match?
Wolo.gg analyzes every decision: build order, eco, micro, common mistakes by bracket. Personalized analysis on WhatsApp or Discord in 30 seconds.
Civ guide
Tatars
Perfil
Jugador #22564772